Map: [ESL] Site Delta

Players

Silky - Winner!

  • Race: Zerg Zerg
  • Spawn Location: 5:00

Has

  • Race: Protoss Protoss
  • Spawn Location: 11:00

Event: ESL SC2 Masters 2024 Spring (Regional)

VOD

Have the link to the VOD?

Description

Time

  • Played on: April 20, 2024, 8:28 a.m.
  • Length: 8:27

All games in this series

Show
View Real Time Build Order
Export as new Build Order

Silky Zerg - Winner!

Build Orders: Hatch First 

Get SALT Encoding   

  12  0:00  Drone  
  13  0:12  Overlord  
  13  0:17  Drone  
  14  0:31  Drone  
  14  0:32  Drone  
  16  0:48  Hatchery  
  15  0:51  Drone  
  15  0:56  Drone  
  17  0:58  Drone  
  18  1:05  Extractor  
  17  1:14  Spawning Pool  
  17  1:17  Drone  
  17  1:20  Drone  
  18  1:28  Drone  
  20  1:40  Drone  
  20  1:50  Drone  
  21  2:00  Queen  
  21  2:01  Zergling x2, Queen  
  24  2:02  Drone  
  24  2:07  Metabolic Boost  
  27  2:12  Overlord  
  27  2:14  Drone  
  28  2:28  Hatchery  
  27  2:31  Drone  
  27  2:32  Zergling x2  
  27  2:35  Drone  
  30  2:43  Queen  
  32  2:46  Drone  
  32  2:49  Drone  
  34  2:52  Overlord  
  34  2:58  Drone x2  
  35  3:05  Overlord  
  35  3:07  Drone  
  35  3:11  Drone x3  
  39  3:17  Queen  
  39  3:19  Overlord  
  41  3:23  Zergling x2  
  42  3:30  Roach Warren, Drone x2  
  43  3:37  Overlord  
  44  3:41  Zergling x4  
  44  3:47  Drone x3  
  48  3:51  Zergling x4  
  48  3:54  Queen  
  52  3:58  Zergling x6  
  52  4:01  Zergling x2  
  56  4:06  Drone x3  
  56  4:09  Extractor  
  58  4:13  Extractor  
  58  4:17  Overlord  
  57  4:19  Overlord  
  57  4:23  Overlord  
  57  4:31  Drone  
  57  4:32  Drone x7  
  57  4:33  Drone  
  66  4:40  Drone x3  
  66  4:43  Drone  
  70  4:45  Drone  
  70  4:47  Extractor  
  70  4:48  Extractor  
  70  4:52  Roach x2  
  73  4:58  Roach x5  
  83  5:04  Drone x5  
  83  5:05  Drone  
  89  5:15  Overlord x3  
  89  5:17  Overlord  
  89  5:18  Ravager  
  89  5:21  Overlord  
  90  5:26  Spine Crawler  
  90  5:27  Ravager  
  89  5:29  Spine Crawler  
  89  5:33  Ravager x4  
  89  5:34  Roach  
  94  5:37  Roach x2, Zergling x2  
  94  5:38  Zergling x2  
  94  5:41  Roach  
  104  5:42  Roach  
  104  5:46  Roach x2  
  108  5:55  Roach x4  
  114  5:59  Roach  
  114  6:00  Roach  
  102  6:04  Roach x2  
  102  6:09  Roach x3  
  103  6:12  Roach  
  103  6:14  Zergling x2  
  86  6:21  Roach  
  86  6:22  Roach  
  86  6:25  Roach  
  71  6:27  Zergling x2  
  71  6:32  Roach  
  65  6:34  Zergling x4  
  65  6:39  Ravager x3  
  70  6:41  Zergling x2  
  70  6:44  Ravager  
  70  6:46  Zergling x4  
  74  6:53  Queen  
  76  7:00  Queen  
  78  7:09  Roach x3  
  78  7:11  Ravager  
  78  7:12  Ravager  
  78  7:15  Roach  
  88  7:17  Zergling x2  
  88  7:21  Roach  
  91  7:23  Ravager  
  91  7:26  Roach  
  91  7:29  Roach  
  96  7:33  Roach  
  96  7:36  Roach  
  99  7:38  Roach  
  99  7:43  Ravager  
  101  7:56  Roach x4  
  104  8:01  Roach x2  
Show
View Real Time Build Order
Export as new Build Order

Has Protoss 

Build Orders: 1 Gate Expand 

Get SALT Encoding   

  12  0:00  Probe  
  13  0:12  Probe  
  14  0:19  Pylon  
  14  0:24  Probe  
  15  0:31  Assimilator  
  15  0:38  Probe (Chrono Boost)  
  16  0:43  Gateway  
  16  0:47  Probe (Chrono Boost)  
  17  0:52  Probe (Chrono Boost)  
  18  1:04  Probe  
  19  1:16  Probe  
  20  1:22  Nexus  
  20  1:32  Cybernetics Core  
  20  1:35  Probe  
  21  1:40  Assimilator  
  21  1:46  Pylon  
  21  1:49  Probe  
  22  2:02  Probe  
  23  2:09  Stalker  
  23  2:11  Robotics Facility  
  23  2:14  Probe (Chrono Boost)  
  26  2:25  Probe (Chrono Boost)  
  26  2:29  Warp Gate  
  27  2:30  Probe (Chrono Boost)  
  27  2:35  Probe (Chrono Boost)  
  30  2:44  Forge  
  30  2:47  Probe x2 (Chrono Boost)  
  30  2:49  Adept  
  33  2:52  Probe (Chrono Boost)  
  33  2:53  Probe (Chrono Boost)  
  33  2:54  Observer  
  36  3:04  Probe (Chrono Boost)  
  36  3:05  Gateway  
  37  3:10  Probe (Chrono Boost)  
  38  3:16  Probe (Chrono Boost)  
  38  3:19  Protoss Ground Weapons Level 1, Adept  
  42  3:22  Probe (Chrono Boost)  
  43  3:28  Warp Prism (Chrono Boost)  
  43  3:32  Probe  
  45  3:35  Probe  
  45  3:38  Pylon  
  46  3:47  Gateway  
  46  3:50  Gateway  
  46  3:54  Immortal (Chrono Boost)  
  50  4:12  Gateway x2  
  50  4:16  Gateway  
  50  4:17  Sentry x2  
  54  4:24  Pylon  
  52  4:40  Immortal (Chrono Boost)  
  56  4:45  Sentry  
  56  4:46  Pylon, Zealot x2  
  56  4:50  Pylon  
  56  4:52  Pylon  
  62  5:01  Pylon  
  62  5:09  Zealot x5  
  72  5:22  Pylon  
  72  5:32  Zealot x3, Sentry  
  72  5:33  Zealot x3  
  86  5:38  Pylon  
  86  5:46  Pylon  
  86  5:47  Pylon  
  86  5:49  Adept  
  84  6:03  Zealot x5  
  74  6:16  Zealot  
  68  6:23  Zealot x5  
  54  6:33  Immortal (Chrono Boost)  
  52  6:45  Sentry  
  52  6:46  Zealot, Sentry x2  
  52  6:47  Zealot  
  62  6:50  Sentry  
  64  6:59  Gateway  
  64  7:08  Zealot, Sentry  
  66  7:09  Zealot x4  
  76  7:26  Gateway, Adept  
  78  7:33  Zealot  
  78  7:34  Stalker x3  
  82  7:53  Stalker x2  
  82  7:57  Zealot  
  82  7:58  Zealot x3  
Tags
 
Add a new tag
Caveats
  • Supply blocks, unpowered buildings, or Contaminate may cause inaccurate times.
  • Supply counts are checked every 10 seconds.